 Dungeon Crawl Stone Soup version 0.27-a0-522-g46bbb28828 (webtiles) character file.

Game seed: 13681308507092108509

88 Anon1729 the Chopper (level 4, 0/38 HPs)
             Began as a Ghoul Fighter on Mar 5, 2021.
             Killed from afar by Sigmund (5 damage)
             ... with a magic dart
             ... on level 2 of the Dungeon.
             The game lasted 00:01:41 (1612 turns).

Anon1729 the Chopper (Ghoul Fighter)                Turns: 1612, Time: 00:01:41

Health: 0/38       AC:  7    Str: 20    XL:     4   Next: 53%
Magic:  3/3        EV:  7    Int:  3    God:
Gold:   94         SH:  0    Dex:  8    Spells: 3/3 levels left

rFire    . . .     SeeInvis .   a - +0 war axe
rCold    + . .     Faith    .   c - +0 kite shield
rNeg     + + +     Spirit   .   b - +0 scale mail
rPois    ∞         Reflect  .   n - +0 helmet
rElec    .         Harm     .   (no cloak)
rCorr    .         Rampage  .   (no gloves)
Will     .....                  (no boots)
Stlth    ..........             (no amulet)
HPRegen  0.00/turn              (no ring)
MPRegen  0.08/turn              (no ring)

@: confused
A: claws 1, cold resistance 1, negative energy resistance 3, inhibited
regeneration, torment resistance, unbreathing 1
a: no special abilities


You were on level 2 of the Dungeon.
You visited 1 branch of the dungeon, and saw 3 of its levels.

You collected 94 gold pieces.

Inventory:

Hand Weapons
 a - a +0 war axe (weapon)
Armour
 b - a +0 scale mail (worn)
 c - a +0 kite shield (worn)
 n - a +0 helmet (worn)
Jewellery
 i - a ring of resist corrosion
 m - an amulet of the acrobat
Scrolls
 e - 7 scrolls of identify {unknown}
 j - a scroll of amnesia {unknown}
 k - a scroll of random uselessness {unknown}
 o - a scroll of fog {unknown}
Potions
 d - a potion of might
 f - a potion of attraction {unknown}
 g - a potion of resistance {unknown}
 h - a potion of mutation {unknown}
 l - 2 potions of flight {unknown}


   Skills:
 - Level 3.2 Fighting
 + Level 4.2 Axes
 - Level 2.6 Armour
 - Level 2.6 Shields


You had 3 spell levels left.
You didn't know any spells.
Your spell library was empty.

Dungeon Overview and Level Annotations

Branches:
Dungeon (3/15)

Altars:
Qazlal

Annotations:
D:2 Sigmund


Innate Abilities, Weirdness & Mutations

You thrive by killing the living.
You are immune to poison.
You have sharp fingernails.
Your flesh is cold resistant. (rC+)
You are immune to negative energy. (rN+++)
You do not regenerate when monsters are visible.
You are immune to unholy pain and torment.
You can survive without breathing.


Message History

Sigmund is moderately wounded.
Sigmund barely misses you.
You closely miss Sigmund.
Sigmund is moderately wounded.
Sigmund hits you but does no damage.
You slash Sigmund!
Sigmund is almost dead.
Sigmund asks, "Do you like me?" Sigmund casts a spell at you.
You are confused.
Sigmund hits you with a +1 vorpal scythe!
* * * LOW HITPOINT WARNING * * *
You are too injured to fight recklessly!
You are too injured to fight recklessly!
You are too injured to fight recklessly!
You are too injured to fight recklessly!
You are too injured to fight recklessly!
You are too injured to fight recklessly!
You are too injured to fight recklessly!
You are too injured to fight recklessly!
You are too injured to fight recklessly!
You are too injured to fight recklessly!
You are too injured to fight recklessly!
You are too injured to fight recklessly!
You are too injured to fight recklessly!
You are too injured to fight recklessly!
You are too injured to fight recklessly!
You barely miss Sigmund.
Sigmund is almost dead.
Sigmund casts a spell at you. You resist with some effort.
You barely miss Sigmund.
Sigmund is almost dead.
Sigmund points at you and mumbles some strange words.
You resist with some effort.
Sigmund hits you from afar with a +1 vorpal scythe.
* * * LOW HITPOINT WARNING * * *
x2 Sigmund casts a spell at you.
The magic dart hits you.
You die...

..........#######
...............>#
###.#..#####.####
#.#..##....#####
#.#...#.#......# #
##(.._...###.#
#.....#.#......#
#.....#.#...##########
#.....#.......@......#
.......###....#†#####.#
#.#.)........@.#...
#.#............####.#
............... .#
.......#.### #
.####....# #.##.#
##.### # ..#.# #.


You could see Sigmund.

Vanquished Creatures
  A hound zombie (D:3)
  A gnoll (D:1)
  2 adders
  A worm (D:2)
  2 leopard geckos (D:2)
  5 orcs
  3 bats
  5 giant cockroaches
  3 hobgoblins
  A quokka (D:2)
  3 ball pythons
  4 frilled lizards
  3 goblins
  A kobold (D:2)
  3 rats (D:2)
38 creatures vanquished.

Notes
Turn   | Place    | Note
-------+----------+-------------------------------------------
     0 | D:1      | Anon1729 the Ghoul Fighter began the quest for the Orb.
     0 | D:1      | Reached XP level 1. HP: 19/19 MP: 0/0
   127 | D:1      | Reached skill level 2 in Axes
   205 | D:1      | Reached XP level 2. HP: 4/26 MP: 1/1
   561 | D:1      | Reached skill level 3 in Axes
   636 | D:1      | Reached XP level 3. HP: 31/31 MP: 2/2
   823 | D:2      | You fall into a shaft and drop 1 floor!
  1024 | D:3      | Reached XP level 4. HP: 36/38 MP: 3/3
  1078 | D:2      | Reached skill level 4 in Axes
  1504 | D:2      | Found a stormy altar of Qazlal.
  1528 | D:2      | Noticed Sigmund
  1612 | D:2      | Killed from afar by Sigmund

Illustrated notes

Levels and vault maps discovered:
D:1:      scummos_arrival_simple_fountains, layout_rooms,
          minmay_misc_feat_nine_boxes
D:2:      layout_basic, lemuel_crystal_altar, kennysheep_potato, uniq_sigmund,
          uniq_jessica
D:3:      layout_loops_ring, minmay_ogre_servants

Skill      XL: |  1  2  3  4 |
---------------+-------------+-----
Axes           | 2 3 4 |  4.2
Fighting       | |  3.2
Armour         | |  2.6
Shields        | |  2.6

Action                   |  1- 3 |  4- 6 || total
-------------------------+-------+-------++-------
Melee: War axe           |    71 |    52 ||   123
Armor: Scale mail        |    41 |    23 ||    64
Dodge: Dodged            |    31 |    15 ||    46
Block: Kite shield       |    36 |    26 ||    62

Table legend: (Time is in decaauts)
 A = Elapsed time spent in this place.
 B = Non-inter-level travel time spent in this place.
 C = Inter-level travel time spent in this place.
 D = Time resting spent in this place.
 E = Time spent auto-exploring this place.
 F = Levels seen in this place.
 G = Mean time per level.
                   A        B        C        D        E       F      G
               +--------+--------+--------+--------+--------+-----+--------+
         Total |   1684 |   1676 |      8 |    442 |    908 |   3 |  561.3 |
       Dungeon |   1684 |   1676 |      8 |    442 |    908 |   3 |  561.3 |
               +--------+--------+--------+--------+--------+-----+--------+

Top non-repeatable levels by time:
     D:1: 907 daAuts
     D:2: 549 daAuts
     D:3: 228 daAuts
